 Dungeon Crawl Stone Soup version 0.20-a0-738-gb057e68 (webtiles) character file.

73 polly the Slasher (level 4, 29/34 HPs)
             Began as a Demonspawn Gladiator on Feb 24, 2017.
             Quit the game on level 2 of the Dungeon.
             The game lasted 00:02:16 (1603 turns).

polly the Slasher (Demonspawn Gladiator)            Turns: 1603, Time: 00:02:16

Health: 29/34      AC:  4    Str: 15    XL:     4   Next: 8%
Magic:  4/4        EV: 13    Int:  9    God:
Gold:   102        SH:  0    Dex: 15    Spells: 3/3 levels left

rFire    + . .     SeeInvis .   a - +0 long sword
rCold    . . .     Gourm    .   b - +0 leather armour
rNeg     . . .     Faith    .   (no shield)
rPois    .         Spirit   .   c - +0 helmet
rElec    .         Reflect  .   (no cloak)
rCorr    .         Harm     .   (no gloves)
MR       .....                  (no boots)
Stlth    +.........             (no amulet)
Regen    0.2/turn               (no ring)
MPRegen  0.1/turn               (no ring)

@: no status effects
A: talons 1, fire resistance 1
a: no special abilities


You were on level 2 of the Dungeon.
You were hungry.

You visited 1 branch of the dungeon, and saw 2 of its levels.

You collected 102 gold pieces.

Inventory:

Hand Weapons
 a - a +0 long sword (weapon)
Missiles
 d - 3 throwing nets (quivered)
Armour
 b - a +0 leather armour (worn)
 c - a +0 helmet (worn)
Scrolls
 e - 3 scrolls of teleportation {unknown}
 h - 3 scrolls of amnesia {unknown}
 i - a scroll of enchant armour {unknown}
 j - 4 scrolls of identify {unknown}
 o - a scroll of magic mapping {unknown}
 p - a scroll of remove curse {unknown}
Potions
 k - a potion of lignification {unknown}
 m - a potion of haste {unknown}
 n - a potion of agility {unknown}
Comestibles
 f - 3 bread rations
 l - 2 meat rations


   Skills:
 + Level 2.4 Fighting
 + Level 3.6 Long Blades
 + Level 1.9 Throwing
 + Level 0.6 Armour
 + Level 3.1 Dodging
 + Level 0.2 Stealth


You had 3 spell levels left.
You didn't know any spells.

Dungeon Overview and Level Annotations

Branches:
Dungeon (2/15)

Altars:


Innate Abilities, Weirdness & Mutations

You have sharp toenails.
Your flesh is heat resistant. (rF+)


Message History

You slash the jackal!
You kill the jackal!
The kobold closely misses you.
You barely miss the kobold. The kobold closely misses you.
The kobold misses you.
You are feeling hungry.
You hit the kobold.
You kill the kobold!
No target in view!
No target in view!
No target in view!
No target in view!
No target in view!
No target in view!
No target in view!
No target in view!
No target in view!
No target in view!
No target in view!
Are you sure you want to abandon this character and quit the game? (Confirm with "yes".)

###...####.##..##...#
##...#.......#..###.##
#..........#.#..##...#
######.....#.#..###.##
#.....#....##...#
##.....###..###.##
#......###......##
#.####.........### #@#
..###....## #
#....†)...### #(...# #
#....#>.### #.>### #
#....#..# #..# ## ##..
...# #..# #. #.. ....
##.# ##. #. ..##
#.####.. #. ...#
#..##... #.......


There were no monsters in sight!

Vanquished Creatures
  An adder (D:1)
  2 oozes
  2 leopard geckos
  4 bats
  A giant cockroach (D:1)
  5 goblins (D:1)
  8 hobgoblins
  9 jackals (D:2)
  A quokka (D:2)
  A ball python (D:2)
  3 frilled lizards
  3 kobolds
  9 rats
49 creatures vanquished.

Notes
Turn   | Place    | Note
-------+----------+-------------------------------------------
     0 | D:1      | polly the Demonspawn Gladiator began the quest for the Orb.
     0 | D:1      | Reached XP level 1. HP: 16/16 MP: 1/1
   107 | D:1      | Gained mutation: Your flesh is heat resistant. (rF+) [demonic ancestry]
   107 | D:1      | Reached XP level 2. HP: 13/22 MP: 2/2
   735 | D:1      | Reached XP level 3. HP: 27/27 MP: 3/3
  1593 | D:2      | Gained mutation: You have sharp toenails. [demonic ancestry]
  1593 | D:2      | Reached XP level 4. HP: 34/34 MP: 4/4
  1603 | D:2      | Quit the game

Vault maps used:
D:1:      dpeg_arrival_subterranean_lakeside_camping
D:2:      minmay_misc_feat_hallway

Skill      XL: |  1  2 |
---------------+-------+-----
Dodging        | 3 |  3.1
Long Blades    | 3 |  3.6
Fighting       | |  2.4
Throwing       | |  1.9
Armour         | |  0.6
Stealth        | |  0.2

Action                   |  1- 3 |  4- 6 || total
-------------------------+-------+-------++-------
Melee: Long sword        |   116 |     7 ||   123
       Kick              |       |     4 ||     4
  Use: Potion            |     2 |       ||     2
 Stab: Sleeping          |     3 |       ||     3
  Eat: Chunk             |     2 |       ||     2
Armor: Leather armour    |    35 |     3 ||    38
Dodge: Dodged            |   120 |     9 ||   129
       Rpst.: Long sword |    41 |     3 ||    44
